 Dungeon Crawl Stone Soup version 0.28-b1-1-g3c77fb2ed1 (webtiles) character file.

Game seed: 2293519265193138457

926 pkoi the Slasher (level 7, -5/57 HPs)
             Began as a Minotaur Fighter on Jan 29, 2022.
             Was a Follower of Qazlal.
             Succumbed to a scorpion's poison
             ... on level 5 of the Dungeon.
             The game lasted 00:07:23 (6334 turns).

pkoi the Slasher (Minotaur Fighter)                 Turns: 6334, Time: 00:07:24

Health: -5/57      AC: 10    Str: 22    XL:     7   Next: 85%
Magic:  9/9        EV:  8    Int:  5    God:    Qazlal [*.....]
Gold:   322        SH:  2    Dex: 10    Spells: 6/6 levels left

rFire   + . .      SeeInvis .   a - +0 long sword
rCold   . . .      Faith    .   (no shield)
rNeg    . . .      Spirit   .   r - +0 chain mail {rF+}
rPois   .          Reflect  .   (helmet restricted)
rElec   .          Harm     .   (no cloak)
rCorr   .          Rampage  .   (no gloves)
Will    .....                   (no boots)
Stlth   ..........              (no amulet)
HPRegen 0.19/turn               (no ring)
MPRegen 0.11/turn               (no ring)

@: lethally poisoned (-5 -> -40)
A: horns 2, retaliatory headbutt
a: Renounce Religion


You were on level 5 of the Dungeon.
You worshipped Qazlal.
Qazlal was aware of your devotion.
You visited 2 branches of the dungeon, and saw 6 of its levels.
You also visited: Ossuary.

You collected 322 gold pieces.

Inventory:

Hand Weapons
 a - a +0 long sword (weapon)
 b - the +9 longbow of the Valley {vorpal, Str+2}
   (You acquired it on level 5 of the Dungeon)

   Any ammunition fired from it inflicts extra damage upon your enemies.
   Str:       It affects your strength (+2).
 h - a +0 dagger of speed
Missiles
 e - 11 boomerangs (quivered)
 n - 68 arrows
Armour
 c - a +1 buckler
 g - a +0 plate armour
 i - a +0 scale mail
 r - a +0 chain mail of fire resistance (worn)
Wands
 j - a wand of paralysis (6)
 o - a wand of iceblast (9)
Scrolls
 f - 4 scrolls of identify
 l - 2 scrolls of summoning
 q - 2 scrolls of silence
 s - a scroll of amnesia {unknown}
Potions
 d - 3 potions of might
 k - a potion of invisibility
 m - a potion of magic
 p - 2 potions of curing
 t - a potion of lignification {unknown}


   Skills:
 - Level 3.6 Fighting
 + Level 7.3 Long Blades
 + Level 2.8 Bows
 - Level 5.5 Armour
 - Level 4.0 Shields
 + Level 4.5 Invocations
 - Level 1.0 Evocations


You had 6 spell levels left.
You didn't know any spells.
Your spell library contained the following spells:

 Spells                   Type           Power      Damage    Failure   Level
 Summon Small Mammal      Summ           0%         N/A       99%         1
 Call Canine Familiar     Summ           0%         N/A       100%        3
 Inner Flame              Hex/Fire       0%         N/A       100%        3
 Summon Guardian Golem    Hex/Summ       0%         N/A       100%        3
 Airstrike                Air            0%         N/A       100%        4
 Cause Fear               Hex            0%         N/A       100%        4
 Summon Lightning Spire   Summ/Air       0%         N/A       100%        4
 Lightning Bolt           Conj/Air       0%         1d11      100%        5
 Discord                  Hex            0%         N/A       100%        8


Dungeon Overview and Level Annotations

Branches:
Dungeon (5/15)             Temple (1/1) D:4         Ossuary (visited)

Altars:
Ashenzari
Dithmenos
Elyvilon
Fedhas
Kikubaaqudgha
Makhleb
Nemelex Xobeh
Okawaru
Qazlal
Ru
Sif Muna
Uskayaw
Vehumet
Wu Jian
Xom
Yredelemnul
Zin
The Shining One

Shops:
D:3 *   D:4 [

Annotations:
D:5 Sigmund


Innate Abilities, Weirdness & Mutations

You have a pair of horns on your head.
You reflexively headbutt those who attack you in melee.


Message History

The scorpion stings you but does no damage.
The scorpion stings you.
You are poisoned.
The scorpion poisons you!
You hit the scorpion.
The scorpion is lightly wounded.
You feel very sick. The scorpion stings you.
You are more poisoned.
The scorpion poisons you!
You closely miss the scorpion.
The scorpion is lightly wounded.
You feel very sick. The scorpion stings you.
You are more poisoned.
The scorpion poisons you!
You barely miss the scorpion.
You headbutt the scorpion, but do no damage.
The scorpion is lightly wounded.
You feel extremely sick.
The scorpion stings you but does no damage.
You barely miss the scorpion.
The scorpion is lightly wounded.
You feel very sick. The scorpion stings you.
You are lethally poisoned!
The scorpion poisons you! The scorpion stings you.
* * * LOW HITPOINT WARNING * * *
You are more poisoned.
The scorpion poisons you!
You slash the scorpion!
The scorpion is severely wounded.
* * * LOW HITPOINT WARNING * * *
You feel extremely sick. The scorpion stings you.
* * * LOW HITPOINT WARNING * * *
You slash the scorpion!
You kill the scorpion!
Qazlal accepts your kill.
You die...

##########..#####.#.## #.# #..#
##.###.########.### #..# #.##
##...<.......# ##########..#
##.###.########.#.# ............#
##.#.## ####.#.#
###########.######.#######<##.#.#
...# #.......###.......#......
##.######.......§#...###.###..#.#
##..............@†......## ##.#.#
#########........#...###.###...#.
# #.......###.## ##.#.###.# #
###....## #.# ##.## #.. # ###.##
#.# #.# ### # #.# #.# #.# # #.#
#.# #.# # #.# #.# #.# ####### #.#
#. #..


There were no monsters in sight!

Vanquished Creatures
  A water moccasin (D:5)
  An ice beast (D:5)
  2 scorpions
  A water moccasin zombie (D:5)
  2 elf skeletons (D:4)
  2 centaur zombies (Ossuary)
  2 hounds (D:4)
  A bullfrog skeleton (D:5)
  An iguana (D:5)
  A killer bee zombie (D:5)
  5 mummies (Ossuary)
  3 gnolls
  8 adders
  An adder zombie (D:5)
  3 worms
  2 dart slugs
  8 orcs
  7 endoplasms
  2 giant cockroaches
  6 goblins
  7 hobgoblins
  8 jackals
  7 quokkas
  7 ball pythons
  3 bats
  4 frilled lizards
  5 hobgoblin zombies (Ossuary)
  7 kobolds
  An orc skeleton (D:4)
  2 orc zombies (D:4)
  9 rats
119 creatures vanquished.

Vanquished Creatures (collateral kills)
  A human skeleton (D:4)
1 creature vanquished.

Vanquished Creatures (others)
  3 plants (D:5)
3 creatures vanquished.

Grand Total: 123 creatures vanquished

Notes
Turn   | Place    | Note
-------+----------+-------------------------------------------
     0 | D:1      | pkoi the Minotaur Fighter began the quest for the Orb.
     0 | D:1      | Reached XP level 1. HP: 19/19 MP: 0/0
   336 | D:1      | Reached XP level 2. HP: 26/26 MP: 1/1
   375 | D:1      | Reached skill level 3 in Long Blades
   669 | D:1      | Reached XP level 3. HP: 29/31 MP: 2/2
  1300 | D:2      | Reached skill level 4 in Long Blades
  1300 | D:2      | Reached XP level 4. HP: 33/39 MP: 3/3
  2026 | D:2      | Reached skill level 5 in Armour
  2142 | D:2      | Found a faded altar of an unknown god.
  2565 | D:3      | Found a sparkling altar of Nemelex Xobeh.
  2644 | D:3      | Found Vistrulul's General Store.
  2675 | D:3      | Noticed a scorpion
  2757 | D:3      | Found a stormy altar of Qazlal.
  2770 | D:3      | Became a worshipper of Qazlal Stormbringer
  2833 | D:3      | Killed a scorpion
  2834 | D:3      | Reached XP level 5. HP: 45/45 MP: 4/4
  2944 | D:3      | Found a radiant altar of Vehumet.
  2977 | D:3      | Reached skill level 1 in Evocations
  3139 | D:4      | Reached skill level 5 in Long Blades
  3157 | D:4      | Found a staircase to the Ecumenical Temple.
  3171 | D:4      | Reached skill level 1 in Invocations
  3219 | D:4      | Reached XP level 6. HP: 49/51 MP: 4/6
  3220 | D:4      | Found a sand-covered staircase.
  3233 | Ossuary  | Entered an ossuary
  3247 | Ossuary  | Reached * piety under Qazlal
  3645 | Ossuary  | Reached skill level 6 in Long Blades
  3901 | D:4      | Reached XP level 7. HP: 47/57 MP: 8/8
  3990 | Temple   | Entered the Ecumenical Temple
  4147 | D:4      | Found an ancient bone altar of Kikubaaqudgha.
  4435 | D:4      | Found Kizoug's Armour Boutique.
  4675 | D:4      | Found an ornate altar of the Wu Jian Council.
  4740 | D:5      | Entered Level 5 of the Dungeon
  4741 | D:5      | Identified a scroll of acquirement
  4741 | D:5      | Acquired the +9 longbow of the Valley {vorpal, Str+2}
  5028 | D:5      | Reached skill level 1 in Bows
  5378 | D:5      | Reached skill level 7 in Long Blades
  5540 | D:5      | Found a shadowy altar of Dithmenos.
  5975 | D:5      | Found a shimmering blue altar of Sif Muna.
  5977 | D:5      | Found a burning altar of Makhleb.
  6093 | D:5      | Found a white marble altar of Elyvilon.
  6093 | D:5      | Noticed Sigmund
  6334 | D:5      | Succumbed to a scorpion's poison

Illustrated notes

Levels and vault maps discovered:
D:1:      minmay_arrival_widening_spiral_wide, layout_loops_ring
D:2:      layout_rooms, hellmonk_ecumenical_altar_inner_sanctum,
          kennysheep_generic_room_11
D:3:      layout_basic, mainiacjoe_overflow_six_doors_small,
          nicolae_overflow_crystal_walls, mainiacjoe_overflow_alcove_4,
          serial_shops, nicolae_shop_advertising_works
          [nicolae_subvault_shop_adworks]
D:4:      layout_basic, mainiacjoe_overflow_alcove_2, old_standard_altar,
          minmay_temple_entry_tees, serial_shops, shop,
          nicolae_ossuary_entry_catacombs, corexii_item_surrounded_by_moat
D:5:      layout_loops_ring, nicolae_elyvilon_temple_path, lemuel_doored_altar,
          lemuel_crystal_altar, amcnicky_altar_gilded, uniq_sigmund
Temple:   nicolae_temple_figure_zero

Skill      XL: |  1  2  3  4  5  6  7 |
---------------+----------------------+-----
Shields        | 4 |  4.0
Long Blades    | 3 4 5 6 7 |  7.3
Armour         | 4 5 |  5.5
Evocations     | 1 |  1.0
Invocations    | 1 3 4 |  4.5
Bows           | 2 |  2.8
Fighting       | |  3.6

Action                   |  1- 3 |  4- 6 |  7- 9 || total
-------------------------+-------+-------+-------++-------
Melee: Long sword        |    27 |    93 |    94 ||   214
       Headbutt          |    16 |    38 |     9 ||    63
       Dagger            |    75 |   117 |       ||   192
       Punch             |       |       |     2 ||     2
Throw: Boomerang         |       |     2 |     3 ||     5
Evoke: Wand              |       |     1 |       ||     1
  Use: Scroll            |       |     8 |     5 ||    13
       Potion            |       |     3 |     3 ||     6
 Stab: Paralysed         |       |     3 |       ||     3
Armor: Plate armour      |    51 |    99 |     6 ||   156
       Chain mail        |       |       |    39 ||    39
Dodge: Dodged            |    23 |    56 |    29 ||   108
Block: Buckler           |    13 |    41 |     8 ||    62
       Other             |       |       |     2 ||     2
